 Dungeon Crawl Stone Soup version 0.30-b1-2-g02819fbbbe (webtiles) character file.

Game seed: 14936512934106691763

716 Alarkh the Insei (level 7, -1/50 HPs)
             Began as a Demonspawn Warper on May 27, 2023.
             Was a Follower of Uskayaw.
             Slain by a gnoll
             ... wielding a +0 whip
             ... led by a gnoll sergeant
              (3 damage)
             ... on level 4 of the Dungeon.
             The game lasted 00:05:26 (4998 turns).

Alarkh the Insei (Demonspawn Warper)                Turns: 4998, Time: 00:05:27

Health: -1/50      AC:  6    Str: 12    XL:     7   Next: 41%
Magic:  10/10      EV: 11    Int: 16    God:    Uskayaw [*.....]
Gold:   135        SH:  0    Dex: 12    Spells: 2/10 levels left

rFire   . .          .
                       - Unarmed
rCold   . . .        (no shield)
rNeg    . . .        a - +0 leather armour
rPois   .            (no helmet)
rElec   .            h - +0 cloak
rCorr   .            (no gloves)
SInv    .            (no boots)
Will    .....        (no amulet)
Stlth   +            (no ring)
HPRegen 0.28/turn    (no ring)
MPRegen 0.12/turn

%: no passive effects
@: no status effects
A: claws 2, slimy green scales 1, demonic guardian 1
a: Renounce Religion, Stomp


You were on level 4 of the Dungeon.
You worshipped Uskayaw.
Uskayaw was noncommittal.
You visited 2 branches of the dungeon, and saw 6 of its levels.

You collected 135 gold pieces.

Inventory:

Missiles
 c - 7 boomerangs of dispersal (quivered)
Armour
 a - a +0 leather armour (worn)
 h - a +0 cloak (worn)
Magical Staves
 o - a staff of air
Jewellery
 g - an amulet of magic regeneration
 i - a ring of flight
Scrolls
 d - a scroll of magic mapping {unknown}
 e - a scroll of enchant weapon
 f - a scroll of teleportation {unknown}
 k - a scroll of noise {unknown}
 m - a scroll of amnesia
 n - a scroll of fear {unknown}
 r - 4 scrolls of identify
Potions
 j - 2 potions of attraction
 l - 2 potions of might
 p - a potion of ambrosia
 q - a potion of curing


   Skills:
 - Level 2.0 Fighting
 - Level 0.8 Throwing
 - Level 0.8 Armour
 - Level 1.7 Dodging
 + Level 7.7 Unarmed Combat
 - Level 2.0 Spellcasting
 - Level 2.6 Translocations


You had 2 spell levels left.
You knew the following spells:

 Your Spells              Type           Power      Damage    Failure   Level
a - Blink                 Tloc           20%        N/A       13%         2
b - Passwall              Tmut/Erth      0%         N/A       36%         2
c - Manifold Assault      Tloc           10%        N/A       65%         4

Your spell library contained the following spells:

 Spells                   Type           Power      Damage    Failure   Level
 Lesser Beckoning         Tloc           20%        N/A       13%         2
 Sandblast                Erth           2%         2d4       26%         1
 Cigotuvi's Dreadful Rot  Necr/Pois/Air  2%         N/A       36%         2
 Teleport Other           Tloc           10%        N/A       26%         3
 Vhi's Electric Charge    Tloc/Air       10%        N/A       41%         3
 Ignite Poison            Fire/Tmut/Pois 1%         N/A       61%         3
 Stone Arrow              Conj/Erth      2%         3d7       61%         3
 Freezing Cloud           Conj/Ice/Air   0%         6-21      100%        5


Dungeon Overview and Level Annotations

Branches:
Dungeon (5/15)             Temple (1/1) D:4

Altars:
Ashenzari
Cheibriados
Dithmenos
Gozag
Hepliaklqana
Kikubaaqudgha
Makhleb
Nemelex Xobeh
Okawaru
Qazlal
Ru
Uskayaw
Vehumet
Wu Jian
Xom
Yredelemnul

Shops:
D:3 =(

Annotations:
D:2 1 runed translucent door, Crazy Yiuf
D:5 Blork the orc, Menkaure


Innate Abilities, Weirdness & Mutations

You have very sharp fingernails.
You are partially covered in slimy green scales. (AC +2)
A weak demonic guardian rushes to your aid.


Message History

HP restored.
There is a stone staircase leading down, spattered with blood here.
Things that are here:
a +0 whip; a gnoll corpse
There is a stone staircase leading down, spattered with blood here.
You climb downwards.
Level annotation: Blork the orc, Menkaure The gnoll barely misses you.
Blork the orc mumbles some strange words.
Blork the orc seems to speed up.
The gnoll hits you with a +0 whip.
A demonic guardian appears!
Menkaure calls on the powers of darkness!
The gnoll sergeant convulses!
Blork the orc convulses!
The jelly convulses!
The gnoll convulses! x2; Your body is wracked with pain!
The gnoll hits you but does no damage. The gnoll hits you with a +0 club.
There is a stone staircase leading up here.
The jelly hits you.
You are splashed with acid.
* * * LOW HITPOINT WARNING * * *
The gnoll sergeant hits you from afar with a +0 trident.
* * * LOW HITPOINT WARNING * * *
The gnoll hits you with a +0 club.
* * * LOW HITPOINT WARNING * * *
The gnoll hits you but does no damage.
You climb upwards.
There is a stone staircase leading down, spattered with blood here.
As you read the scroll labelled DOSHUE HUHICK, it crumbles to dust.
It is a scroll of enchant weapon.
You aren't carrying any weapons that can be enchanted.
The gnoll hits you with a +0 club.
* * * LOW HITPOINT WARNING * * *
The gnoll hits you with a +0 whip.
* * * LOW HITPOINT WARNING * * *
The jelly hits you but does no damage.
Unknown command.
The gnoll barely misses you. The gnoll barely misses you.
The gnoll attacks as you move away! The gnoll hits you with a +0 club.
* * * LOW HITPOINT WARNING * * *
The gnoll attacks as you move away! The gnoll hits you with a +0 whip.
You die...

..####....#.#.#.#................
..# #....#.#.#.#..........#####.
..# #....#.#.#.#..............#^
..# #....#.#.#.#..........###.#.
<.# #....#.#.#.#..........# #.#.
..#########.#.#.#.........####.#.
..'.........#.#.#.........'....#.
..###########.#.#J........#######
### #.#.@g..).....#......
#.###g)>......#.##### #.#
#....#..###.# #.. #.######.#..#
#.# #.# #........#..###.# #.#
#####....(.....#.# #.#
############...'..........#.###.#
.............###..........#..†..#
........÷....# #..........#.....#


You could see a jelly and 2 gnolls.

Vanquished Creatures
  Sigmund (D:3)
  2 scorpions
  A howler monkey (D:5)
  2 hounds
  Natasha (twice) (D:3)
  7 gnolls
  7 adders
  An ufetubus (D:4)
  A dart slug (D:3)
  5 orcs
  3 ball pythons
  3 endoplasms
  2 giant cockroaches (D:3)
  6 goblins
  5 hobgoblins
  5 jackals
  2 quokkas
  A bat (D:3)
  A frilled lizard (D:1)
  7 kobolds
  3 rats
67 creatures vanquished.

Vanquished Creatures (collateral kills)
  An ice beast (D:5)
  2 gnolls (D:1)
  A dart slug (D:2)
4 creatures vanquished.

Grand Total: 71 creatures vanquished

Notes
Turn   | Place    | Note
-------+----------+-------------------------------------------
     0 | D:1      | Alarkh the Demonspawn Warper began the quest for the Orb.
     0 | D:1      | Reached XP level 1. HP: 16/16 MP: 3/3
    78 | D:1      | Reached skill level 2 in Unarmed Combat
   795 | D:2      | Found a stormy altar of Qazlal.
   871 | D:2      | Gained mutation: You have sharp fingernails. [demonic
                  | ancestry]
   871 | D:2      | Reached XP level 2. HP: 22/22 MP: 5/5
  1046 | D:2      | Reached skill level 3 in Unarmed Combat
  1201 | D:2      | Gained mutation: A weak demonic guardian rushes to your
                  | aid. [demonic ancestry]
  1201 | D:2      | Reached XP level 3. HP: 24/27 MP: 6/6
  1954 | D:1      | Reached skill level 4 in Unarmed Combat
  1954 | D:1      | Reached XP level 4. HP: 24/33 MP: 7/7
  2065 | D:2      | Found a runed translucent door.
  2066 | D:2      | Noticed Crazy Yiuf
  2306 | D:3      | Noticed Sigmund
  2315 | D:3      | Killed Sigmund
  2316 | D:3      | Reached skill level 5 in Unarmed Combat
  2316 | D:3      | Reached XP level 5. HP: 23/38 MP: 8/8
  2399 | D:3      | Found Menuz's Weapon Emporium.
  2557 | D:3      | Found a sparkling altar of Nemelex Xobeh.
  2557 | D:3      | Found a sacrificial altar of Ru.
  2663 | D:3      | Found Destifes's Jewellery Shop.
  2798 | D:3      | Noticed Natasha
  2809 | D:3      | Killed Natasha
  2810 | D:3      | Gained mutation: You have very sharp fingernails. [demonic
                  | ancestry]
  2810 | D:3      | Reached XP level 6. HP: 11/44 MP: 9/9
  2976 | D:3      | Noticed Natasha
  2980 | D:3      | Killed Natasha
  3010 | D:3      | Reached skill level 6 in Unarmed Combat
  3269 | D:3      | Learned a level 2 spell: Blink
  3272 | D:3      | Learned a level 2 spell: Passwall
  3277 | D:3      | Learned a level 4 spell: Manifold Assault
  3957 | D:4      | Found a staircase to the Ecumenical Temple.
  3971 | Temple   | Entered the Ecumenical Temple
  4142 | Temple   | Became a worshipper of Uskayaw the Reveller
  4217 | D:4      | Found an iron altar of Okawaru.
  4523 | D:5      | Entered Level 5 of the Dungeon
  4530 | D:5      | Reached * piety under Uskayaw
  4531 | D:5      | Reached ** piety under Uskayaw
  4537 | D:5      | Reached *** piety under Uskayaw
  4538 | D:5      | Reached skill level 7 in Unarmed Combat
  4538 | D:5      | Gained mutation: You are partially covered in slimy green
                  | scales. (AC +2) [demonic ancestry]
  4538 | D:5      | Reached XP level 7. HP: 35/50 MP: 10/10
  4652 | D:5      | Noticed Blork the orc
  4667 | D:5      | Noticed Menkaure
  4994 | D:4      | HP: 2/50 [gnoll/+0 whip[a gnoll sergeant] (3)]
  4998 | D:4      | Slain by a gnoll

Illustrated notes

Levels and vault maps discovered:
D:1:      minmay_arrival_wavy_path, layout_basic, serial_park_tiny_pond,
          nicolae_concentric_dashed_squares_wild
D:2:      layout_basic, basic_altar, fountainhead, minmay_fountain_box,
          uniq_crazy_yiuf_cottage
D:3:      layout_loops_ring, gammafunk_temple_overflow_elements, serial_shops,
          nicolae_shop_tiny_statue_garden, nicolae_diamond_shop, uniq_sigmund,
          uniq_natasha
D:4:      layout_basic, hellmonk_okawaru_the_only_friend_you_need,
          temple_statues
D:5:      layout_cave_pools, mainiacjoe_overflow_alcove_4,
          hellmonk_ghost_happy_afterlife, grunt_decor_cap, uniq_blork_the_orc,
          uniq_menkaure
Temple:   nicolae_temple_bog_church

Skill      XL: |  1  2  3  4  5  6 |
---------------+-------------------+-----
Unarmed Combat | 2 3 4 5 7 |  7.7
Fighting       | |  2.0
Throwing       | |  0.8
Armour         | |  0.8
Dodging        | |  1.7
Spellcasting   | |  2.0
Translocations | |  2.6

Action                     |  1- 3 |  4- 6 |  7- 9 || total
---------------------------+-------+-------+-------++-------
  Melee: Unarmed           |    89 |   131 |    28 ||   248
         Punch             |     1 |     5 |     3 ||     9
    Use: Potion            |       |     3 |     1 ||     4
         Scroll            |       |     4 |     2 ||     6
   Stab: Paralysed         |       |       |     1 ||     1
 Armour: Leather armour    |    18 |    26 |    11 ||    55
  Dodge: Dodged            |    56 |    84 |    20 ||   160
